 Dungeon Crawl Stone Soup version 0.29-a0-902-g0f71de6fce (webtiles) character file.

Game seed: 7959239813820207786

2788 wilfster70 the Stinger (level 9, -4/39 HPs)
             Began as a Spriggan Venom Mage on July 25, 2022.
             Was a Believer of Okawaru.
             Slain by a yak (15 damage)
             ... on level 7 of the Dungeon.
             The game lasted 00:36:22 (11420 turns).

wilfster70 the Stinger (Spriggan Venom Mage)       Turns: 11420, Time: 00:36:23

Health: -4/39      AC:  3    Str:  4    XL:     9   Next: 43%
Magic:  16/19      EV: 18    Int: 21    God:    Okawaru [**....]
Gold:   435        SH:  5    Dex: 21    Spells: 11/20 levels left

rFire   . . .      SeeInvis +   a - +2 dagger (flame)
rCold   + . .      Faith    .   (no shield)
rNeg    . . .      Spirit   .   m - +1 robe
rPois   +          Reflect  +   (helmet restricted)
rElec   .          Harm     .   (no cloak)
rCorr   +          Rampage  .   (gloves unavailable)
Will    +....                   (boots unavailable)
Stlth   +++.......              g - amulet "Raer" {Reflect rPois rC+ rCorr SH+5}
HPRegen 0.13/turn               t - +6 ring of dexterity
MPRegen 0.16/turn               (no ring)

@: very quick
A: very small, no large weapons, unfitting armour, see invisible, speed 3
a: Renounce Religion, Heroism


You were on level 7 of the Dungeon.
You worshipped Okawaru.
Okawaru was pleased with you.
You visited 2 branches of the dungeon, and saw 10 of its levels.
You also visited: Sewer.

You collected 435 gold pieces.

Inventory:

Hand Weapons
 a - a +2 dagger of flaming (weapon)
Missiles
 c - 15 poisoned darts
 B - 5 curare-tipped darts
Armour
 m - a +1 robe (worn)
Jewellery
 g - the amulet "Raer" (around neck) {Reflect rPois rC+ rCorr SH+5}
   (You acquired it on level 2 of the Dungeon)

   [amulet of reflection]

   It reflects blocked missile attacks.
   rC:        It protects you from cold.
   rPois:     It protects you from poison.
   rCorr:     It protects you from acid and corrosion.
   SH:        It affects your SH (+5).
 l - a +4 ring of evasion
 t - a +6 ring of dexterity (left hand)
Wands
 h - a wand of paralysis (7)
 i - a wand of mindburst (10)
 v - a wand of iceblast (7)
 C - a wand of flame (24)
 D - a wand of acid (16)
Scrolls
 e - a scroll of poison
 r - 2 scrolls of magic mapping
 w - a scroll of blinking
 y - a scroll of immolation
Potions
 b - 2 potions of magic
 d - 3 potions of heal wounds
 f - a potion of haste
 n - 4 potions of curing
 o - 2 potions of berserk rage
 p - 2 potions of flight
 q - a potion of brilliance
 z - 2 potions of might {unknown}
 F - a potion of resistance {unknown}


   Skills:
 - Level 2.6 Dodging
 - Level 5.1 Stealth
 - Level 6.0 Spellcasting
 + Level 2.8 Conjurations
 - Level 6.0 Summonings
 - Level 1.3 Transmutations
 - Level 6.0 Air Magic
 - Level 6.0 Poison Magic


You had 11 spell levels left.
You knew the following spells:

 Your Spells              Type           Power      Damage    Failure   Level
a - Sting                 Tmut/Pois      84%        1d7       2%          1
b - Static Discharge      Conj/Air       24%        3-6/arc   2%          2
c - Summon Lightning Spi  Summ/Air       31%        N/A       9%          4
d - Poisonous Vapours     Pois/Air       62%        N/A       1%          2

Your spell library contained the following spells:

 Spells                   Type           Power      Damage    Failure   Level
 Mephitic Cloud           Conj/Pois/Air  27%        N/A       3%          3
 Olgreb's Toxic Radiance  Pois           31%        N/A       9%          4
 Apportation              Tloc           12%        N/A       10%         1
 Necrotise                Necr           24%        1d5       10%         1
 Sticky Flame             Conj/Fire      12%        2d4       47%         4
 Dispel Undead            Necr           6%         3d8       67%         4
 Storm Form               Tmut/Air       10%        N/A       100%        7
 Maxwell's Capacitive Co  Air            15%        ∞         100%        8
 Summon Small Mammal      Summ           Unusable   N/A       N/A         1

Dungeon Overview and Level Annotations

Branches:
Dungeon (9/15)             Temple (1/1) D:7           Sewer (visited)
   Lair: D:8-11         Orc: D:9-12

Altars:
Ashenzari
Cheibriados
Dithmenos
Elyvilon
Fedhas
Gozag
Hepliaklqana
Kikubaaqudgha
Makhleb
Nemelex Xobeh
Okawaru
Ru
Trog
Uskayaw
Vehumet
Wu Jian
Xom
Yredelemnul
Zin
The Shining One

Annotations:
D:3 2 transporters, 2 exclusions, Xenophilius's ghost, amateur GnDe
D:5 exclusion: downstairs, Dowan
D:7 1 runed translucent door


Innate Abilities, Weirdness & Mutations

You are very small and have problems with some larger weapons.
You are too small for most types of armour.
You have supernaturally acute eyesight. (SInv)
You cover ground extremely quickly. (Speed+++)


Message History

Aim: an ogre, wielding a +0 giant spiked club (moderately wounded, chance to affect: 49%)
The ogre suddenly stops moving!
The helpless ogre fails to defend itself.
You impale the ogre!! You burn the ogre.
You kill the ogre!
Okawaru accepts your kill.
You see here a +0 giant spiked club.
An ogre comes into view. It is wielding a +0 giant club.
You see here a +0 giant spiked club.
You start resting.
An ogre is nearby!
An orc is nearby!
An orc is nearby!
You start resting.
An orc is nearby!
An orc is nearby!
The gnoll hits something with a +0 spear!
Casting: Sting (safe; 2% risk of failure)
Confirm with . or Enter, or press ? or * to list all spells.
Aiming: Sting (safe; 2% risk of failure)
Press: ? - help, Shift-Dir - straight line, f - yak
Aim: a yak (85% to hit)
The sting hits the yak but does no damage.
The yak is poisoned.
Casting: Sting (safe; 2% risk of failure)
Confirm with . or Enter, or press ? or * to list all spells.
Aiming: Sting (safe; 2% risk of failure)
Press: ? - help, Shift-Dir - straight line, f/p - yak
Aim: a yak (poisoned, 85% to hit)
The sting hits the yak.
The yak looks even sicker.
The yak is lightly wounded.
Casting: Sting (safe; 2% risk of failure)
Confirm with . or Enter, or press ? or * to list all spells.
Aiming: Sting (safe; 2% risk of failure)
Press: ? - help, Shift-Dir - straight line, f/p - yak
Aim: a yak (lightly wounded, very poisoned, 85% to hit)
The sting hits the yak.
The yak looks even sicker.
The yak is lightly wounded.
The yak gores you!
You die...

######.........##.#
#..............##.#
#################.#
####.# ### #.#..#
#P)#...P# .## #
##.#O#### §. ≈#
#.#######♣♣♣♣##o##≈#
##.@Yo.#♣.♣.♣.###≈≈#
#P####g..♣P♣.....≈≈#
## ##.....P$...≈≈#
####.P......≈≈≈#
+..!P.......≈≈≈#
+...........≈≈≈#
#......).....≈≈#
g#####............≈≈#
.g........####....≈≈#


You could see a yak (very poisoned), a gnoll and an orc.

Vanquished Creatures
  Eustachio (D:5)
  6 yaks
  Menkaure (D:5)
  A water moccasin (Sewer)
  2 orc warriors
  An ogre (D:7)
  A centaur (D:8)
  2 phantoms (D:6)
  A kobold brigand (D:8)
  3 bullfrogs
  A necrophage (D:7)
  A scorpion (D:4)
  A wight (D:8)
  2 jellies
  4 orc priests
  5 iguanas
  3 orc wizards
  5 gnolls
  11 adders
  A shadow imp (D:7)
  24 orcs
  5 ball pythons
  7 endoplasms
  7 giant cockroaches
  6 goblins
  4 hobgoblins
  9 kobolds
  4 quokkas
  10 bats
  2 frilled lizards
  5 rats
136 creatures vanquished.

Vanquished Creatures (others)
  A kobold (D:2)
  A fungus (D:7)
  4 plants (D:7)
6 creatures vanquished.

Grand Total: 142 creatures vanquished

Notes
Turn   | Place    | Note
-------+----------+-------------------------------------------
     0 | D:1      | wilfster70 the Spriggan Venom Mage began the quest for the
                  | Orb.
     0 | D:1      | Reached XP level 1. HP: 9/9 MP: 5/5
   473 | D:1      | Reached XP level 2. HP: 12/13 MP: 1/7
  1257 | D:2      | Found a hazy altar of Hepliaklqana.
  1411 | D:1      | Reached XP level 3. HP: 16/16 MP: 6/8
  1601 | D:2      | Identified a scroll of acquirement
  1601 | D:2      | Acquired the amulet "Raer" {Reflect rPois rC+ rCorr SH+5}
  2504 | D:3      | Found a snail-covered altar of Cheibriados.
  2504 | D:3      | Found a basalt altar of Yredelemnul.
  2530 | D:3      | Reached XP level 4. HP: 21/21 MP: 7/10
  2640 | D:3      | Found a glowing drain.
  2664 | Sewer    | Entered a sewer
  2773 | Sewer    | Noticed a water moccasin
  2805 | Sewer    | Killed a water moccasin
  2806 | Sewer    | Reached skill level 5 in Poison Magic
  2806 | Sewer    | Reached XP level 5. HP: 9/24 MP: 1/12
  3484 | D:3      | Found a transporter.
  3484 | D:3      | Noticed Xenophilius's ghost (amateur GnDe)
  3487 | D:3      | Found a transporter.
  3742 | D:4      | Reached XP level 6. HP: 28/28 MP: 10/14
  4140 | D:4      | Reached skill level 5 in Spellcasting
  4215 | D:4      | Found a sacrificial altar of Ru.
  4354 | D:5      | Entered Level 5 of the Dungeon
  4630 | D:5      | Learned a level 2 spell: Static Discharge
  4740 | D:5      | Learned a level 4 spell: Summon Lightning Spire
  4782 | D:5      | Noticed Dowan
  5148 | D:5      | Noticed Menkaure
  5195 | D:6      | Noticed an orc warrior
  5424 | D:5      | Noticed Eustachio
  5563 | D:4      | Learned a level 2 spell: Poisonous Vapours
  5623 | D:5      | Killed Eustachio
  5624 | D:5      | Reached skill level 1 in Summonings
  5624 | D:5      | Reached skill level 1 in Air Magic
  5624 | D:5      | Reached XP level 7. HP: 13/32 MP: 6/17
  6739 | D:5      | Killed Menkaure
  6740 | D:5      | Reached skill level 5 in Stealth
  7868 | D:6      | Reached XP level 8. HP: 36/36 MP: 18/18
  8300 | D:7      | Found a staircase to the Ecumenical Temple.
  8540 | Temple   | Entered the Ecumenical Temple
  8589 | Temple   | Became a worshipper of Warmaster Okawaru
  9322 | D:7      | Found a runed translucent door.
  9607 | D:8      | Found a glowing silver altar of Zin.
  9719 | D:7      | Reached * piety under Okawaru
  9746 | D:7      | Reached skill level 5 in Air Magic
  9871 | D:7      | Reached skill level 5 in Summonings
  9963 | D:8      | Noticed an angel
  9972 | D:8      | Found a shimmering altar of Xom.
 10073 | D:8      | Reached ** piety under Okawaru
 10074 | D:8      | Reached XP level 9. HP: 11/39 MP: 16/19
 10796 | D:8      | Reached skill level 1 in Conjurations
 11420 | D:7      | Slain by a yak

Illustrated notes

Levels and vault maps discovered:
D:1:      dpeg_arrival_boxes_within_box, layout_basic
D:2:      layout_basic, basic_altar
D:3:      layout_loops_corners, grunt_temple_overflow_open,
          gammafunk_ghost_mausoleum, cheibrodos_sewer_entry_sluice,
          minmay_stone_trees_small, minivault_11
D:4:      layout_rooms, kennysheep_mini
D:5:      layout_loops_ring, hangedman_decor_opposing, hangedman_decor_points,
          uniq_duvessa, uniq_menkaure, uniq_eustachio
D:6:      layout_loops_cross
D:7:      kennysheep_seaside_town, layout_loops_ring,
          minmay_temple_entry_large_hall, lightli_church_of_beogh
D:8:      layout_gridville, grunt_temple_overflow_order_and_chaos_1,
          kennysheep_kite_vault
D:9:      layout_roguey, mainiacjoe_overflow_catch_the_wave, serial_shops,
          nicolae_square_shop
Temple:   hellmonk_temple_two_chambers

Skill      XL: |  1  2  3  4  5  6  7  8  9 |
---------------+----------------------------+-----
Spellcasting   | 3 4 6 |  6.0
Poison Magic   | 4 5 6 |  6.0
Stealth        | 4 5 |  5.1
Summonings     | 1 3 5 6 |  6.0
Air Magic      | 1 3 5 6 |  6.0
Conjurations   | 2 |  2.8
Dodging        | |  2.6
Transmutations | |  1.3

Action                   |  1- 3 |  4- 6 |  7- 9 || total
-------------------------+-------+-------+-------++-------
Melee: Dagger            |     1 |     9 |    48 ||    58
Throw: Dart              |       |     1 |       ||     1
 Cast: Sting             |    78 |   138 |   177 ||   393
       Static Discharge  |       |     1 |       ||     1
       Poisonous Vapours |       |       |     3 ||     3
Evoke: Wand              |       |       |    12 ||    12
  Use: Scroll            |     9 |     5 |    10 ||    24
       Potion            |       |       |     2 ||     2
 Stab: Paralysed         |       |       |    10 ||    10
       Sleeping          |       |       |     1 ||     1
Armor: Robe              |     3 |     4 |     5 ||    12
Dodge: Dodged            |    35 |    67 |   106 ||   208
Block: Other             |     2 |    12 |    32 ||    46
       Reflection        |     1 |       |       ||     1

Table legend: (Time is in decaauts)
 A = Elapsed time spent in this place.
 B = Non-inter-level travel time spent in this place.
 C = Inter-level travel time spent in this place.
 D = Time resting spent in this place.
 E = Time spent auto-exploring this place.
 F = Levels seen in this place.
 G = Mean time per level.
                   A        B        C        D        E       F      G
               +--------+--------+--------+--------+--------+-----+--------+
         Total |   9003 |   8658 |    345 |   4096 |   2008 |  11 |  818.5 |
       Dungeon |   8627 |   8284 |    343 |   3835 |   2008 |   9 |  958.6 |
        Temple |     33 |     31 |      2 |      0 |      0 |   1 |   33.0 |
         Sewer |    343 |    343 |      0 |    261 |      0 |   1 |  343.0 |
               +--------+--------+--------+--------+--------+-----+--------+

Top non-repeatable levels by time:
     D:5: 2419 daAuts
     D:7: 1583 daAuts
     D:1: 1100 daAuts
     D:8: 1005 daAuts
     D:3: 862 daAuts
     D:4: 653 daAuts
     D:2: 530 daAuts
     D:6: 471 daAuts
   Sewer: 343 daAuts
  Temple: 33 daAuts
     D:9: 1 daAuts
